 Dungeon Crawl Stone Soup version 0.27-a0-597-g524d869a0f (webtiles) character file.

Game seed: 815799074853715788

49 siradein the Cudgeller (level 3, -3/39 HPs)
             Began as an Ogre Berserker on Mar 11, 2021.
             Was a Believer of Trog.
             Slain by Sigmund
             ... wielding a +0 scythe
              (9 damage)
             ... on level 2 of the Dungeon.
             The game lasted 00:03:47 (1180 turns).

siradein the Cudgeller (Ogre Berserker)             Turns: 1180, Time: 00:03:47

Health: -3/39      AC:  3    Str: 21    XL:     3   Next: 75%
Magic:  0/3        EV: 10    Int:  8    God:    Trog [**....]
Gold:   57         SH:  0    Dex:  9    Spells: 2/2 levels left

rFire    . . .     SeeInvis .   j - +1 whip (freeze)
rCold    . . .     Faith    .   (no shield)
rNeg     . . .     Spirit   +   b - +0 animal skin
rPois    .         Reflect  .   (helmet restricted)
rElec    .         Harm     .   (no cloak)
rCorr    .         Rampage  .   (gloves unavailable)
Will     .....                  (boots unavailable)
Stlth    +.........             d - amulet of guardian spirit
HPRegen  0.13/turn              (no ring)
MPRegen  0.08/turn              (no ring)

@: confused, berserk cooldown, slowed, very slow
A: large, unfitting armour, tough skin 1
a: Renounce Religion, Berserk, Trog's Hand


You were on level 2 of the Dungeon.
You worshipped Trog.
Trog was pleased with you.
You visited 1 branch of the dungeon, and saw 2 of its levels.

You collected 57 gold pieces.

Inventory:

Hand Weapons
 j - a +1 whip of freezing (weapon)
Armour
 b - a +0 animal skin (worn)
Jewellery
 d - an amulet of guardian spirit (around neck)
Scrolls
 e - a scroll of enchant weapon {unknown}
 g - 2 scrolls of identify {unknown}
 k - a scroll of teleportation {unknown}
Potions
 a - a potion of lignification {unknown}
 c - a potion of degeneration {unknown}
 f - 2 potions of berserk rage {unknown}
 h - a potion of might {unknown}
 i - a potion of magic {unknown}


   Skills:
 - Level 4.0 Fighting
 + Level 4.2 Maces & Flails
 - Level 2.6 Dodging


You had 2 spell levels left.
You didn't know any spells.
Your spell library was empty.

Dungeon Overview and Level Annotations

Branches:
Dungeon (2/15)

Altars:

Annotations:
D:2 Sigmund


Innate Abilities, Weirdness & Mutations

You are too large for most types of armour.
You have tough skin. (AC +1)


Message History

The frilled lizard barely misses you.
A red film seems to cover your vision as you go berserk!
You feel yourself moving faster!
You feel mighty! The frilled lizard barely misses you. Something hits you.
You miss the frilled lizard. The frilled lizard bites you.
You whack the frilled lizard! You freeze the frilled lizard.
You kill the frilled lizard!
Trog accepts your kill. Something hits you.
Things that are here:
a frilled lizard corpse; a bat corpse You closely miss something.
You miss something.
You hear some strange, mumbled words.
A puff of flame appears from out of thin air!
The puff of flame hits you!
You barely miss something. You closely miss something.
Something completely misses you.
You closely miss something. You whack something! You freeze something.
You miss something. Something hits you.
You barely miss something. You closely miss something.
You hear some strange, mumbled words.
A magic dart appears from out of thin air!
The magic dart hits you!
* * * LOW HITPOINT WARNING * * *
You barely miss something. You closely miss something. Something hits you!
* * * LOW HITPOINT WARNING * * *
You hit something. You freeze something. You barely miss something.
You closely miss something.
You hear some strange, mumbled words.
You are confused.
You bump into the rock wall.
You are no longer berserk.
You are exhausted.
You feel yourself slow down. Something hits you!
You die...

#....# #....#
####....################
........+...............
#....#####.##.#######
######....#####.##.#######
#....#..#.......##.#......
#+#####.##.##J##########........
.>..........)K{@................
.....##.##################......
..........# #...... .....#.l#.#
#######.#.... .... #....#
............# ... #.......
............# .. #....K....
......†.....# . #.........
............. ......J...
........####.


You could see an ooze and a kobold.

Vanquished Creatures
  An ooze (D:1)
  3 worms
  A dart slug (D:1)
  2 bats
  A giant cockroach (D:1)
  5 goblins
  4 hobgoblins
  7 kobolds
  3 frilled lizards
  6 rats
33 creatures vanquished.

Notes
Turn   | Place    | Note
-------+----------+-------------------------------------------
     0 | D:1      | siradein the Ogre Berserker began the quest for the Orb.
     0 | D:1      | Reached XP level 1. HP: 24/24 MP: 1/1
   140 | D:1      | Reached XP level 2. HP: 31/32 MP: 2/2
   558 | D:1      | Reached XP level 3. HP: 38/39 MP: 3/3
   874 | D:2      | Reached ** piety under Trog
  1141 | D:2      | Noticed Sigmund
  1180 | D:2      | Slain by Sigmund

Illustrated notes

Levels and vault maps discovered:
D:1:      eino_arrival_druids_welcome, layout_rooms
D:2:      layout_basic, uniq_sigmund, uniq_robin

Skill      XL: |  1  2  3 |
---------------+----------+-----
Maces & Flails | 3 4 |  4.2
Fighting       | |  4.0
Dodging        | |  2.6

Action                   || total
-------------------------++-------
Melee: Mace              ||    56
       Whip              ||    52
Invok: Berserk           ||     2
Armor: Animal skin       ||    26
Dodge: Dodged            ||    52

Table legend: (Time is in decaauts)
 A = Elapsed time spent in this place.
 B = Non-inter-level travel time spent in this place.
 C = Inter-level travel time spent in this place.
 D = Time resting spent in this place.
 E = Time spent auto-exploring this place.
 F = Levels seen in this place.
 G = Mean time per level.
                   A        B        C        D        E       F      G
               +--------+--------+--------+--------+--------+-----+--------+
         Total |   1197 |   1166 |     31 |     87 |    783 |   2 |  598.5 |
       Dungeon |   1197 |   1166 |     31 |     87 |    783 |   2 |  598.5 |
               +--------+--------+--------+--------+--------+-----+--------+

Top non-repeatable levels by time:
     D:1: 883 daAuts
     D:2: 314 daAuts
